 Dungeon Crawl Stone Soup version 0.28-a0-1213-g0243856f03 (webtiles) character file.

Game seed: 13539844319030721502

22 frimble the Grasshopper (level 2, -8/22 HPs)
             Began as a Demonspawn Warper on Dec 22, 2021.
             Killed from afar by Sigmund (11 damage)
             ... with a magic dart
             ... on level 2 of the Dungeon.
             The game lasted 00:01:00 (786 turns).

frimble the Grasshopper (Demonspawn Warper)          Turns: 786, Time: 00:01:01

Health: -8/22      AC:  3    Str: 11    XL:     2   Next: 68%
Magic:  5/5        EV: 12    Int: 14    God:
Gold:   40         SH:  0    Dex: 12    Spells: 5/5 levels left

rFire   . . .      SeeInvis .   e - +3 short sword
rCold   . . .      Faith    .   (no shield)
rNeg    . . .      Spirit   .   b - +0 leather armour
rPois   .          Reflect  .   (no helmet)
rElec   .          Harm     .   (no cloak)
rCorr   .          Rampage  .   (no gloves)
Will    .....                   (no boots)
Stlth   +.........              (no amulet)
HPRegen 0.07/turn               (no ring)
MPRegen 0.09/turn               (no ring)

@: brilliant
A: demonic magic 1
a: no special abilities


You were on level 2 of the Dungeon.
You visited 1 branch of the dungeon, and saw 2 of its levels.

You collected 40 gold pieces.

Inventory:

Hand Weapons
 a - a +0 falchion
 e - a +3 short sword (weapon)
Missiles
 d - 5 boomerangs of dispersal (quivered)
Armour
 b - a +0 leather armour (worn)
Scrolls
 f - a scroll of torment


   Skills:
 - Level 2.0 Fighting
 + Level 1.3(1.8) Short Blades
 - Level 1.8(2.1) Long Blades
 - Level 0.8 Throwing
 - Level 0.8 Armour
 + Level 2.4 Dodging
 - Level 2.0 Spellcasting
 - Level 2.6 Translocations


You had 5 spell levels left.
You didn't know any spells.
Your spell library contained the following spells:

 Spells                   Type           Power      Damage    Failure   Level
 Blink                    Tloc           26%        N/A       16%         2
 Gell's Gravitas          Tloc           13%        N/A       30%         3
 Lesser Beckoning         Tloc           13%        N/A       30%         3
 Teleport Other           Tloc           13%        N/A       30%         3
 Ignite Poison            Fire/Tmut/Pois 2%         N/A       67%         3
 Mephitic Cloud           Conj/Pois/Air  2%         N/A       67%         3
 Manifold Assault         Tloc           13%        N/A       96%         5
 Freezing Cloud           Conj/Ice/Air   1%         6-21      100%        5


Dungeon Overview and Level Annotations

Branches:
Dungeon (1/15)

Altars:

Annotations:
D:2 Sigmund


Innate Abilities, Weirdness & Mutations

Spells you cast may paralyse adjacent enemies.


Message History

You are too confused!
You are too confused!
You're too confused to move!
Something hits you. The goblin hits you with a +0 club.
You bump into the rock wall.
The goblin hits you but does no damage. Something hits you!
Ouch! That really hurt!
* * * LOW HITPOINT WARNING * * *
You puncture the goblin!
You kill the goblin!
You feel less confused.
You aren't carrying any potions.
Unknown command.
Okay, then.
Unknown command.
You aren't carrying any potions.
Blink to where?
Press: ? - help, Dir - move target
Okay, then.
Unknown command.
You aren't carrying any potions.
Unknown command.
You aren't carrying any items that you can evoke.
Blink to where?
Press: ? - help, Dir - move target
As you read the scroll of blinking, it crumbles to dust.
Found a fizzy red potion.
You see here a fizzy red potion.
c - a fizzy red potion It was a potion of brilliance.
You feel clever all of a sudden.
Okay, then.
Unknown command.
You barely miss the frilled lizard. The frilled lizard closely misses you.
You puncture the frilled lizard!
You kill the frilled lizard!
A magic dart appears from out of thin air!
The magic dart hits you!
Ouch! That really hurt!
You die...

####### #.....#
######
#.....######....#
#...@†{.........#####
#..................).
#................####
#..........#.....#
####.............#
#.............#
####..........#
#..........#
#######.....


There were no monsters in sight!

Vanquished Creatures
  An adder (D:2)
  A dart slug (D:2)
  A giant cockroach (D:1)
  2 goblins
  A quokka (D:1)
  2 ball pythons
  A bat (D:2)
  2 frilled lizards
  A kobold (D:1)
  A rat (D:1)
13 creatures vanquished.

Notes
Turn   | Place    | Note
-------+----------+-------------------------------------------
     0 | D:1      | frimble the Demonspawn Warper began the quest for the Orb.
     0 | D:1      | Reached XP level 1. HP: 16/16 MP: 3/3
   540 | D:1      | You fall into a shaft and drop 1 floor!
   545 | D:2      | Reached skill level 1 in Short Blades
   545 | D:2      | Gained mutation: Spells you cast may paralyse adjacent
                  | enemies. [demonic ancestry]
   545 | D:2      | Reached XP level 2. HP: 16/22 MP: 5/5
   761 | D:2      | Noticed Sigmund
   786 | D:2      | Killed from afar by Sigmund

Illustrated notes

Levels and vault maps discovered:
D:1:      saegor_arrival_simple_a, layout_basic
D:2:      layout_basic, st_stairs_9, uniq_sigmund

Skill      XL: |  1 |
---------------+----+-----
Dodging        | 2 |  2.4
Short Blades   | 1 |  1.3
Fighting       | |  2.0
Long Blades    | |  1.8
Throwing       | |  0.8
Armour         | |  0.8
Spellcasting   | |  2.0
Translocations | |  2.6

Action                   || total
-------------------------++-------
Melee: Short sword       ||    40
       Falchion          ||     8
  Use: Scroll            ||     3
       Potion            ||     1
Armor: Leather armour    ||    15
Dodge: Dodged            ||    29

Table legend: (Time is in decaauts)
 A = Elapsed time spent in this place.
 B = Non-inter-level travel time spent in this place.
 C = Inter-level travel time spent in this place.
 D = Time resting spent in this place.
 E = Time spent auto-exploring this place.
 F = Levels seen in this place.
 G = Mean time per level.
                   A        B        C        D        E       F      G
               +--------+--------+--------+--------+--------+-----+--------+
         Total |    788 |    788 |      0 |      0 |    683 |   2 |  394.0 |
       Dungeon |    788 |    788 |      0 |      0 |    683 |   2 |  394.0 |
               +--------+--------+--------+--------+--------+-----+--------+

Top non-repeatable levels by time:
     D:1: 542 daAuts
     D:2: 246 daAuts
